 Dungeon Crawl Stone Soup version 0.28-a0-1038-g9c4cb8273d (webtiles) character file.

Game seed: 6949610402820043058

102 miscthings the Slasher (level 4, 0/37 HPs)
             Began as a Barachi Monk on Dec 8, 2021.
             Splashed by a jelly's acid (7 damage)
             ... on level 2 of the Dungeon.
             The game lasted 00:02:23 (1582 turns).

miscthings the Slasher (Barachi Monk)               Turns: 1582, Time: 00:02:23

Health: 0/37       AC: -1    Str: 15    XL:     4   Next: 77%
Magic:  4/4        EV: 13    Int: 10    God:
Gold:   123        SH:  0    Dex: 14    Spells: 3/3 levels left

rFire   . . .      SeeInvis .   a - +0 falchion
rCold   . . .      Faith    .   (no shield)
rNeg    . . .      Spirit   .   b - +0 robe
rPois   .          Reflect  .   q - +0 helmet
rElec   .          Harm     .   (no cloak)
rCorr   .          Rampage  .   (no gloves)
Will    .....                   (no boots)
Stlth   ++........              (no amulet)
HPRegen 0.12/turn               e - ring of wizardry
MPRegen 0.09/turn               (no ring)

@: corroded, unable to hop, slow
A: amphibious, slowness 1, strong legs 1, +LOS
a: Hop


You were on level 2 of the Dungeon.
You visited 1 branch of the dungeon, and saw 2 of its levels.

You collected 123 gold pieces.

Inventory:

Hand Weapons
 a - a +0 falchion (weapon)
Armour
 b - a +0 robe (worn)
 q - a +0 helmet (worn)
Jewellery
 e - a ring of wizardry (left hand)
Wands
 r - a wand of iceblast (4)
Scrolls
 c - 2 scrolls of magic mapping {unknown}
 g - a scroll of blinking {unknown}
 h - a scroll of enchant armour {unknown}
 k - a scroll of silence {unknown}
 l - 2 scrolls of identify {unknown}
 m - a scroll of amnesia {unknown}
 n - a scroll of immolation {unknown}
 p - 3 scrolls of fear {unknown}
Potions
 d - a potion of heal wounds
 f - a potion of resistance {unknown}
 i - 2 potions of berserk rage {unknown}
 j - 2 potions of ambrosia {unknown}
 o - a potion of curing {unknown}
 s - a potion of brilliance {unknown}


   Skills:
 - Level 4.0 Fighting
 + Level 5.7 Long Blades
 - Level 3.8 Dodging
 - Level 1.9 Stealth


You had 3 spell levels left.
You didn't know any spells.
Your spell library was empty.

Dungeon Overview and Level Annotations

Branches:
Dungeon (2/15)

Altars:


Innate Abilities, Weirdness & Mutations

You are amphibious.
You cover ground slowly.
You can hop short distances.
You have an extended range of vision and can be seen from far away.


Message History

Aiming: Iceblast
Press: ? - help, Shift-Dir - straight line, f - gnoll, p - gnoll
Aim: a gnoll, wielding a +0 spear (severely wounded)
The mass of ice explodes!
The iceblast engulfs the gnoll!
You kill the gnoll!
The iceblast engulfs the gnoll!
You kill the gnoll!
The iceblast engulfs the gnoll!
The gnoll is almost dead.
The giant cockroach barely misses you.
You barely miss the giant cockroach. The giant cockroach bites you.
The giant cockroach bites you but does no damage.
You closely miss the gnoll.
The gnoll is almost dead.
The giant cockroach bites you. The gnoll hits you with a +0 flail.
You barely miss the gnoll.
The gnoll is almost dead.
The giant cockroach barely misses you. The gnoll closely misses you.
The giant cockroach closely misses you.
Hop to where?
Press: ? - help, Dir - move target Boing!
Aiming: Iceblast
Press: ? - help, Shift-Dir - straight line, f - jelly
Aim: a jelly (sparse dust)
The mass of ice explodes!
The iceblast engulfs the jelly!
The jelly is severely wounded.
You feel a bit more experienced.
The iceblast engulfs the giant cockroach!
You kill the giant cockroach!
You hit the jelly.
Your hands burn!
The jelly is almost dead.
The jelly hits you. The acid corrodes you!
You are splashed with acid!
You hit the jelly.
Your hands burn!
* * * LOW HITPOINT WARNING * * *
The jelly is almost dead.
The jelly hits you.
* * * LOW HITPOINT WARNING * * *
You are splashed with acid!
You die...

#....... #............
##.....###............
###....(......>.........
##.....))................
#..........##............
..(##.....###.....##.....
##.........###..รท#.##
##.#J....## #.###.#
###.@.########.# ..#
######.....######...##..#
#..........##.....##...##
#..........#..#.......##
#..........#.##....#.##
#............##......#
#<>.........###...####
#..........## #...#
#..........# #...#


You could see a jelly.

Vanquished Creatures
  4 gnolls
  2 adders
  A worm (D:2)
  2 dart slugs
  2 ball pythons (D:1)
  3 bats
  3 endoplasms (D:1)
  2 giant cockroaches (D:2)
  5 goblins
  6 hobgoblins
  A kobold (D:1)
  2 quokkas
  2 frilled lizards
  2 rats
  A spectral goblin (D:1)
38 creatures vanquished.

Notes
Turn   | Place    | Note
-------+----------+-------------------------------------------
     0 | D:1      | miscthings the Barachi Monk began the quest for the Orb.
     0 | D:1      | Reached XP level 1. HP: 18/18 MP: 1/1
    59 | D:1      | Found a faded altar of an unknown god.
   116 | D:1      | Reached XP level 2. HP: 25/25 MP: 2/2
   450 | D:1      | Reached skill level 4 in Long Blades
   574 | D:1      | Reached XP level 3. HP: 10/30 MP: 3/3
  1215 | D:2      | Reached skill level 5 in Long Blades
  1215 | D:2      | Reached XP level 4. HP: 16/37 MP: 4/4
  1582 | D:2      | Splashed by a jelly's acid

Illustrated notes

Levels and vault maps discovered:
D:1:      scummos_arrival_star, layout_loops_ring,
          dreamdust_ecumenical_altar_drowned_temple, minmay_misc_feat_alley
D:2:      layout_rooms

Skill      XL: |  1  2  3 |
---------------+----------+-----
Long Blades    | 4 5 |  5.7
Fighting       | 4 |  4.0
Dodging        | |  3.8
Stealth        | |  1.9

Action                   |  1- 3 |  4- 6 || total
-------------------------+-------+-------++-------
Melee: Falchion          |   106 |    21 ||   127
 Abil: Hop               |     1 |     1 ||     2
Evoke: Wand              |       |     3 ||     3
  Use: Potion            |     2 |       ||     2
 Stab: Sleeping          |     2 |       ||     2
Armor: Robe              |    24 |     2 ||    26
Dodge: Dodged            |    94 |    12 ||   106

Table legend: (Time is in decaauts)
 A = Elapsed time spent in this place.
 B = Non-inter-level travel time spent in this place.
 C = Inter-level travel time spent in this place.
 D = Time resting spent in this place.
 E = Time spent auto-exploring this place.
 F = Levels seen in this place.
 G = Mean time per level.
                   A        B        C        D        E       F      G
               +--------+--------+--------+--------+--------+-----+--------+
         Total |   1740 |   1725 |     15 |    655 |    639 |   2 |  870.0 |
       Dungeon |   1740 |   1725 |     15 |    655 |    639 |   2 |  870.0 |
               +--------+--------+--------+--------+--------+-----+--------+

Top non-repeatable levels by time:
     D:1: 1407 daAuts
     D:2: 333 daAuts
